 Dungeon Crawl Stone Soup version 0.17.0-56-gd8de76c (webtiles) character file.

2203 fredomojojo the Blocker (level 9, -3/78 HPs)
             Began as a Minotaur Fighter on Dec 6, 2015.
             Was an Initiate of Elyvilon.
             Slain by a cyclops (10 damage)
             ... on level 7 of the Dungeon.
             The game lasted 00:57:16 (6180 turns).

fredomojojo the Blocker (Minotaur Fighter)          Turns: 6180, Time: 00:57:16

Health: -3/78      AC: 11    Str: 23    XL:     9   Next: 12%
Magic:  7/7        EV:  8    Int:  5    God:    Elyvilon [......]
Gold:   263        SH: 12    Dex: 15    Spells: 0 memorised, 8 levels left

rFire  . . .     SeeInvis .     w - +2 short sword (venom)
rCold  . . .     Clarity  .     l - +0 chain mail
rNeg   . . .     SustAt   .     c - +0 shield
rPois  .         Gourm    .     o - +1 hat
rElec  .         Spirit   .     (no cloak)
rCorr  .         Warding  .     (no gloves)
rMut   .         Stasis   .     (no boots)
MR     .....                    (no amulet)
Stlth  ..........               (no ring)
                                u - ring of wizardry

@: very slightly contaminated, not resistant to hostile enchantments, extremely
unstealthy
A: retaliatory headbutt, horns 2, agile 2, blurry vision 1, low mp 1
a: Renounce Religion


You were on level 7 of the Dungeon.
You worshipped Elyvilon.
Elyvilon was noncommittal.
You were not hungry.

You visited 2 branches of the dungeon, and saw 8 of its levels.
You also visited: Sewer.

You collected 263 gold pieces.

Inventory:

Hand Weapons
 a - a +0 long sword
 q - a +0 hunting sling
 w - a +2 short sword of venom (weapon)
 L - a +0 blowgun
Missiles
 g - a steel tomahawk (quivered)
 i - 18 sling bullets of frost
 x - 9 poisoned needles
 C - 18 sling bullets
 K - a stone
Armour
 c - a +0 shield (worn)
 l - a +0 chain mail (worn)
 o - a +1 hat (worn)
Jewellery
 u - a ring of wizardry (left hand)
 J - an uncursed amulet of faith
Wands
 B - a wand of fire (5)
 D - a wand of enslavement (17)
Scrolls
 e - a scroll of recharging {unknown}
 h - 3 scrolls of fog
 n - 4 scrolls of magic mapping
 r - a scroll of noise {unknown}
 t - a scroll of immolation {unknown}
 v - 6 scrolls of remove curse
 y - a scroll of teleportation {unknown}
 F - a scroll of fear {unknown}
Potions
 b - a potion of heal wounds
 d - 3 potions of might
 f - 4 potions of curing
 j - a potion of magic
 p - 2 potions of haste
 z - a potion of brilliance
 A - 2 potions of agility
 M - a potion of cancellation {unknown}
Comestibles
 m - 2 slices of pizza
 s - 2 meat rations
 H - 2 bread rations


   Skills:
 + Level 6.9 Fighting
 + Level 0.9(3.2) Short Blades
 + Level 5.5(5.6) Long Blades
 + Level 3.4(3.5) Slings
 + Level 0.8(2.1) Throwing
 + Level 8.0 Armour
 + Level 3.3 Dodging
 + Level 1.3 Stealth
 + Level 8.4 Shields


You had 8 spell levels left.
You didn't know any spells.

Dungeon Overview and Level Annotations

Branches:
Dungeon (7/15)             Temple (1/1) D:4

Altars:
Ashenzari
Dithmenos
Elyvilon
Fedhas
Gozag
Kikubaaqudgha
Makhleb
Nemelex Xobeh
Okawaru
Qazlal
Ru
Sif Muna
Trog
Vehumet
Xom
Yredelemnul
Zin
The Shining One

Shops:
D:5 ?

Annotations:
D:3 gorblad's ghost, amateur DsBe


Innate Abilities, Weirdness & Mutations

You reflexively headbutt those who attack you in melee.
You have a pair of horns on your head.
You are very agile. (Dex +4)
Scrolls take you a little longer to read.
Your magical capacity is low (-10% MP).


Message History

Press: ? - help, Shift-Dir - straight line, f/p - cyclops
Aim: a cyclops (heavily wounded)
You throw a steel tomahawk. The jackal barks!
The steel tomahawk hits the cyclops but does no damage.
The cyclops is heavily wounded.
You barely miss the jackal. You headbutt the jackal.
The jackal is almost dead.
The jackal bites you.
* * * LOW HITPOINT WARNING * * *
You hit the cyclops.
The cyclops is poisoned.
You headbutt the cyclops.
The cyclops is severely wounded.
You block the jackal's attack. The cyclops hits you!
* * * LOW HITPOINT WARNING * * *
You block the jackal's attack.
You hit the cyclops. You headbutt the cyclops!
The cyclops is almost dead.
The jackal bites you but does no damage.
The cyclops hits you!
You die...

_.._#.##....#......#.......#..##
.__ #..#.####..>...#(......#....
._. #...##### #...(..._....:#
##...†).###..(#.......#.#
#.####......(#.......#... #.#
####.o.(##.....## .# ..#
##.(.####.####.. ####
#C.....†........
#@hh............
#.........#.....
#..........>....
#........###.... ########## ...
###


You could see a cyclops, an orc and 2 jackals.

Vanquished Creatures
  Menkaure (D:7)
  A water moccasin (D:5)
  3 ice beasts
  A sky beast (D:6)
  An orc warrior (D:7)
  A centaur (D:6)
  A phantom (D:4)
  A necrophage (D:6)
  3 ogres
  A giant frog (D:6)
  A gnoll sergeant (D:7)
  2 scorpions (D:7)
  A wyvern skeleton (D:7)
  A crimson imp (D:5)
  A giant frog zombie (D:6)
  A quasit (D:7)
  An iguana (D:5)
  A jelly (D:5)
  A giant frog skeleton (D:5)
  3 orc wizards
  Natasha (twice) (D:3)
  2 orc priests (D:5)
  6 worker ants
  A hound skeleton (D:4)
  5 gnolls (D:7)
  12 adders
  2 river rats (D:4)
  An ooze (D:7)
  An adder zombie (D:6)
  4 worms
  An adder skeleton (D:7)
  7 giant geckos
  10 orcs
  4 bats
  9 giant cockroaches
  7 hobgoblins
  12 jackals
  A quokka (D:4)
  4 ball pythons
  8 giant newts
  5 goblins
  8 kobolds
  7 rats
  3 plants (Sewer)
149 creatures vanquished.

Notes
Turn   | Place    | Note
--------------------------------------------------------------
     0 | D:1      | fredomojojo the Minotaur Fighter began the quest for the Orb.
     0 | D:1      | Reached XP level 1. HP: 19/19 MP: 0/0
   188 | D:1      | Reached XP level 2. HP: 27/27 MP: 1/1
   321 | D:1      | Reached skill level 4 in Shields
   489 | D:2      | Reached XP level 3. HP: 26/33 MP: 2/2
   602 | D:2      | Found a sacrificial altar of Ru.
   763 | D:2      | Reached skill level 1 in Dodging
  1151 | D:3      | Found a deep blue altar of Sif Muna.
  1153 | D:3      | Found a shattered altar of Ashenzari.
  1154 | D:3      | Found a blossoming altar of Fedhas.
  1287 | D:3      | Reached XP level 4. HP: 24/40 MP: 3/3
  1307 | D:3      | Noticed gorblad's ghost (amateur DsBe)
  1574 | D:3      | Noticed an ice beast
  1585 | D:3      | Killed an ice beast
  1585 | D:3      | Reached skill level 1 in Slings
  1585 | D:3      | Reached skill level 5 in Shields
  1585 | D:3      | Reached XP level 5. HP: 9/47 MP: 4/4
  1959 | D:3      | Noticed Natasha
  1965 | D:3      | Killed Natasha
  1978 | D:3      | Noticed Natasha
  1981 | D:3      | Killed Natasha
  1981 | D:3      | Reached skill level 5 in Armour
  2073 | D:4      | Noticed a phantom
  2128 | D:4      | Killed a phantom
  2128 | D:4      | Reached XP level 6. HP: 39/53 MP: 5/5
  2261 | D:4      | Noticed an air elemental
  2263 | D:4      | Found a stormy altar of Qazlal.
  2264 | D:4      | Noticed a water elemental
  2264 | D:4      | Noticed a fire elemental
  2405 | D:4      | Found a staircase to the Ecumenical Temple.
  2416 | D:4      | Found a glowing drain.
  2442 | Sewer    | Entered a sewer
  2907 | D:5      | Entered Level 5 of the Dungeon
  3302 | D:5      | Reached skill level 5 in Fighting
  3350 | D:5      | Reached XP level 7. HP: 46/61 MP: 6/6
  3471 | D:5      | Reached skill level 6 in Shields
  3722 | D:5      | Noticed a water moccasin
  3731 | D:5      | Killed a water moccasin
  4041 | D:5      | Reached skill level 7 in Shields
  4441 | D:5      | Found Gygufet's Magic Scroll Boutique.
  4469 | D:5      | Reached XP level 8. HP: 70/70 MP: 7/7
  4724 | Temple   | Entered the Ecumenical Temple
  4823 | D:4      | Noticed an ogre
  4832 | D:4      | Killed an ogre
  4832 | D:4      | Reached skill level 1 in Stealth
  5207 | D:6      | Reached skill level 5 in Long Blades
  5372 | D:6      | Gained mutation: Your magical capacity is low (-10% MP). [mutagenic meat]
  5373 | D:6      | Gained mutation: Scrolls take you a little longer to read. [mutagenic meat]
  5374 | D:6      | Gained mutation: You are agile. (Dex +2) [mutagenic meat]
  5375 | D:6      | Gained mutation: You can breathe flames. [mutagenic meat]
  5376 | D:6      | Lost mutation: You can breathe flames. [mutagenic meat]
  5651 | D:6      | Found a glowing golden altar of the Shining One.
  5696 | D:7      | Found a deep blue altar of Sif Muna.
  5810 | D:7      | Found an ancient bone altar of Kikubaaqudgha.
  5810 | D:7      | Found a radiant altar of Vehumet.
  5810 | D:7      | Found a shadowy altar of Dithmenos.
  5830 | D:7      | Found a shimmering altar of Xom.
  5832 | D:7      | Found a shimmering altar of Xom.
  5832 | D:7      | Found a shimmering altar of Xom.
  5832 | D:7      | Found a shimmering altar of Xom.
  5832 | D:7      | Found a shimmering altar of Xom.
  5833 | D:7      | Found a shimmering altar of Xom.
  5833 | D:7      | Found a shimmering altar of Xom.
  5847 | D:7      | Noticed Menkaure
  5856 | D:7      | Killed Menkaure
  5856 | D:7      | Reached skill level 8 in Shields
  5909 | D:7      | Reached XP level 9. HP: 42/78 MP: 7/7
  5989 | D:7      | Found a white marble altar of Elyvilon.
  6015 | D:7      | Became a worshipper of Elyvilon the Healer
  6036 | D:7      | Gained mutation: You are very agile. (Dex +4) [potion of beneficial mutation]
  6072 | D:7      | Noticed a cyclops
  6092 | D:7      | HP: 1/78 [cyclops/large rock (34)]
  6180 | D:7      | Slain by a cyclops

Action                   |  1- 3 |  4- 6 |  7- 9 || total
-------------------------+-------+-------+-------++-------
Melee: Long sword        |   112 |   311 |   149 ||   572
       Short sword       |       |       |    61 ||    61
 Fire: Hunting sling     |    15 |    29 |    19 ||    63
       Blowgun           |       |     1 |       ||     1
Throw: Stone             |     9 |       |     6 ||    15
       Tomahawk          |       |       |    24 ||    24
  Use: Scroll            |     4 |     1 |     8 ||    13
       Potion            |       |       |     3 ||     3
  Eat: Meat ration       |     1 |       |       ||     1
       Bread ration      |       |     1 |     1 ||     2
       Chunk             |       |     1 |     8 ||     9
       Beef jerky        |       |       |     1 ||     1
